 Dungeon Crawl Stone Soup version 0.27-a0-1036-g8e1b44f6bd (webtiles) character file.

Game seed: 15169692807131320162

107 tilp the Sneak (level 4, -1/24 HPs)
             Began as a Vine Stalker Brigand on Apr 18, 2021.
             Slain by an ogre
             ... wielding a +0 giant club
              (12 damage)
             ... on level 3 of the Dungeon.
             The game lasted 00:02:44 (1694 turns).

tilp the Sneak (Vine Stalker Brigand)               Turns: 1694, Time: 00:02:44

Health: -1/24      AC: 11    Str: 13    XL:     4   Next: 85%
Magic:  0/5        EV:  3    Int: 11    God:
Gold:   117        SH:  0    Dex: 17    Spells: 3/3 levels left

rFire    . . .     SeeInvis .   a - +2 dagger
rCold    . . .     Faith    .   (no shield)
rNeg     . . .     Spirit   +   f - +0 plate armour
rPois    .         Reflect  .   (no helmet)
rElec    .         Harm     .   c - +0 cloak
rCorr    .         Rampage  .   (no gloves)
Will     .....                  (no boots)
Stlth    ..........             (no amulet)
HPRegen  1.08/turn              (no ring)
MPRegen  0.09/turn              (no ring)

@: no status effects
A: fangs 2, regeneration 1, magic shield, antimagic bite, no potion heal 2
a: no special abilities


You were on level 3 of the Dungeon.
You visited 1 branch of the dungeon, and saw 3 of its levels.

You collected 117 gold pieces.

Inventory:

Hand Weapons
 a - a +2 dagger (weapon)
Missiles
 d - 33 poisoned darts (quivered)
 e - a curare-tipped dart {!f}
Armour
 c - a +0 cloak (worn)
 f - a +0 plate armour (worn)
 m - a +0 leather armour
Jewellery
 g - a ring of ice
Scrolls
 j - a scroll of immolation {unknown}
 k - a scroll of fear {unknown}
Potions
 h - a potion of attraction
 i - a potion of mutation


   Skills:
 + Level 3.3 Fighting
 + Level 3.3 Short Blades
 - Level 1.7 Throwing
 - Level 0.7 Dodging
 - Level 4.8 Stealth


You had 3 spell levels left.
You didn't know any spells.
Your spell library was empty.

Dungeon Overview and Level Annotations

Branches:
Dungeon (3/15)

Altars:

Annotations:
D:2 1 runed translucent door, Crazy Yiuf


Innate Abilities, Weirdness & Mutations

You have extremely sharp teeth.
Your natural rate of healing is unusually fast.
When hurt, damage is shared between your health and your magic reserves.
Your bite disrupts and absorbs the magic of your enemies.
Potions cannot restore your health.


Message History

You hit the hobgoblin but do no damage. You bite the hobgoblin.
You drain its power.
The hobgoblin is severely wounded.
The hobgoblin hits you but does no damage.
A hobgoblin is nearby!
You hit the hobgoblin.
You kill the hobgoblin!
You see here a hobgoblin corpse.
Key pressed, stopping explore.
No target in view!
A rat comes into view.
An ogre comes into view. It is wielding a +0 giant club.
The ogre shouts!
There are monsters nearby!
There are monsters nearby!
You throw a poisoned dart.
The poisoned dart closely misses the ogre.
You don't have any such object.
Fire/throw which item? (* to show all) (? for menu, Esc to quit)
You don't have any such object.
Fire/throw which item? (* to show all) (? for menu, Esc to quit)
Throw: 2 darts (curare) {!f}
Press: ? - help, Shift-Dir - straight line, f/p - ogre
Aim: an ogre, wielding a +0 giant club (74% to hit)
You throw a curare-tipped dart {!f}.
The curare-tipped dart {!f} hits the ogre.
The ogre is poisoned.
The ogre convulses.
The ogre seems to slow down.
The ogre is moderately wounded.
Unknown command.
You hit the ogre.
The ogre is moderately wounded.
The ogre hits you with a +0 giant club!
Ouch! That really hurt!
Your plate armour prevents you from hitting the ogre.
The ogre is heavily wounded.
You hit the ogre but do no damage.
The ogre is heavily wounded.
The ogre hits you with a +0 giant club!
Ouch! That really hurt!
You die...

###############
#....†........####
#.########........
#@# #.##.#### #O#
#.##.# #r#
####.##.####
#####.#
#...........
##...#.#
#.......####
##.###..#
####.##.#
#..#.#..# #.##.#
#..#.⌠.#.# #.##.#
#...#.#..# #.##.#


You could see an ogre (very poisoned, slow) and a rat.

Vanquished Creatures
  5 adders
  A worm (D:2)
  2 dart slugs (D:2)
  3 bats (D:1)
  4 endoplasms
  2 giant cockroaches (D:1)
  3 goblins
  4 hobgoblins
  6 jackals
  11 kobolds
  3 quokkas (D:2)
  3 ball pythons
  4 frilled lizards
  2 rats
53 creatures vanquished.

Vanquished Creatures (others)
  2 fungi (D:2)
2 creatures vanquished.

Grand Total: 55 creatures vanquished

Notes
Turn   | Place    | Note
-------+----------+-------------------------------------------
     0 | D:1      | tilp the Vine Stalker Brigand began the quest for the Orb.
     0 | D:1      | Reached XP level 1. HP: 11/11 MP: 2/2
     6 | D:1      | Noticed a komodo dragon
     6 | D:1      | Noticed a servant of whispers
     7 | D:1      | Noticed a hell rat
     7 | D:1      | Noticed a stone giant
   212 | D:1      | Reached XP level 2. HP: 9/15 MP: 3/3
   867 | D:2      | Reached XP level 3. HP: 19/19 MP: 4/4
  1222 | D:2      | Gained mutation: Your natural rate of healing is unusually
                  | fast. [Vine Stalker growth]
  1222 | D:2      | Reached XP level 4. HP: 23/23 MP: 5/5
  1536 | D:2      | Found a runed translucent door.
  1537 | D:2      | Noticed Crazy Yiuf
  1678 | D:3      | Noticed an ogre
  1694 | D:3      | Slain by an ogre

Illustrated notes

Levels and vault maps discovered:
D:1:      onia_arrival_zoo_common, layout_rooms
D:2:      layout_rooms, uniq_crazy_yiuf_cottage
D:3:      layout_loops_ring, basic_ecumenical_altar, roderic_roman_lattice,
          eino_tiny_chamber, grunt_decor_one_mirror, grunt_decor_cap,
          chequers_serial_rivers_micro_a

Skill      XL: |  1  2  3  4 |
---------------+-------------+-----
Fighting       | 2 3 |  3.3
Short Blades   | 2 3 |  3.3
Throwing       | |  1.7
Dodging        | |  0.7
Stealth        | |  4.8

Action                   |  1- 3 |  4- 6 || total
-------------------------+-------+-------++-------
Melee: Dagger            |   106 |    79 ||   185
       Bite              |    31 |    19 ||    50
Throw: Dart              |       |     2 ||     2
  Use: Scroll            |       |     2 ||     2
 Stab: Sleeping          |     1 |       ||     1
Armor: Plate armour      |    77 |    55 ||   132
Dodge: Dodged            |    20 |    11 ||    31

Table legend: (Time is in decaauts)
 A = Elapsed time spent in this place.
 B = Non-inter-level travel time spent in this place.
 C = Inter-level travel time spent in this place.
 D = Time resting spent in this place.
 E = Time spent auto-exploring this place.
 F = Levels seen in this place.
 G = Mean time per level.
                   A        B        C        D        E       F      G
               +--------+--------+--------+--------+--------+-----+--------+
         Total |   1667 |   1597 |     70 |    134 |   1102 |   3 |  555.7 |
       Dungeon |   1667 |   1597 |     70 |    134 |   1102 |   3 |  555.7 |
               +--------+--------+--------+--------+--------+-----+--------+

Top non-repeatable levels by time:
     D:1: 830 daAuts
     D:2: 716 daAuts
     D:3: 120 daAuts
